 Dungeon Crawl Stone Soup version 0.23.1 (webtiles) character file.

Game seed: 16490054050717585297

1225 Norn the Slinger (level 8, 0/54 HPs)
             Began as a Halfling Hunter on Mar 15, 2019.
             Slain by an orc warrior
             ... wielding a +0 trident
              (7 damage)
             ... on level 6 of the Dungeon.
             The game lasted 00:10:07 (5167 turns).

Norn the Slinger (Halfling Hunter)                  Turns: 5167, Time: 00:10:07

Health: 0/54       AC:  7    Str: 13    XL:     8   Next: 76%
Magic:  8/8        EV: 17    Int: 11    God:
Gold:   312        SH:  0    Dex: 15    Spells: 7/7 levels left

rFire    . . .     SeeInvis .   a - +2 hunting sling
rCold    + . .     Gourm    .   (shield restricted)
rNeg     . . .     Faith    .   o - +1 leather armour {rC+}
rPois    .         Spirit   .   (no helmet)
rElec    .         Reflect  .   f - +0 cloak
rCorr    .         Harm     .   C - +0 pair of gloves
MR       .....                  m - +0 pair of boots
Stlth    ++........             (no amulet)
HPRegen  0.18/turn              (no ring)
MPRegen  0.11/turn              (no ring)

@: no status effects
A: small, mutation resistance 1
a: no special abilities


You were on level 6 of the Dungeon.
You were very hungry.

You visited 1 branch of the dungeon, and saw 6 of its levels.

You collected 312 gold pieces.

Inventory:

Hand Weapons
 a - a +2 hunting sling (weapon)
 b - a +0 short sword
 A - a +0 whip of electrocution
   (You took it off a kobold on level 3 of the Dungeon)
Missiles
 d - 41 sling bullets (quivered)
 h - 68 stones
 p - a throwing net {!f}
Armour
 c - a +0 leather armour
 f - a +0 cloak (worn)
   (You found it on level 2 of the Dungeon)
 k - a +0 scale mail
   (You found it on level 1 of the Dungeon)
 m - a +0 pair of boots (worn)
   (You found it on level 1 of the Dungeon)
 o - a +1 leather armour of cold resistance (worn)
   (You took it off an orc on level 3 of the Dungeon)
 C - a +0 pair of gloves (worn)
   (You found it on level 4 of the Dungeon)
Jewellery
 u - an uncursed ring of resist corrosion {unknown}
   (You found it on level 2 of the Dungeon)
 v - an uncursed ring of wizardry {unknown}
   (You found it on level 2 of the Dungeon)
 w - an uncursed ring of flight {unknown}
   (You found it on level 2 of the Dungeon)
 z - an uncursed amulet of regeneration {unknown}
   (You found it on level 3 of the Dungeon)
 F - a cursed ring of attention {unknown}
   (You found it on level 5 of the Dungeon)
Scrolls
 g - a scroll of noise {unknown}
 i - 4 scrolls of teleportation {unknown}
 j - 4 scrolls of identify {unknown}
 n - a scroll of magic mapping {unknown}
 s - 2 scrolls of remove curse {unknown}
 x - a scroll of enchant weapon
 y - a scroll of fear {unknown}
 G - a scroll of blinking {unknown}
 H - a scroll of enchant armour {unknown}
 I - a scroll of immolation {unknown}
Potions
 l - 2 potions of lignification {unknown}
 q - 5 potions of curing {unknown}
 r - 2 potions of degeneration {unknown}
 t - a potion of resistance {unknown}
 D - a potion of agility {unknown}
 E - 2 potions of flight {unknown}
Comestibles
 e - 11 rations {!d}


   Skills:
 + Level 4.7 Fighting
 * Level 11.4 Slings
 + Level 5.8 Dodging
 - Level 1.1 Stealth


You had 7 spell levels left.
You didn't know any spells.
Your spell library contained the following spells:

 Spells                   Type           Power        Failure   Level  Hunger
 Summon Small Mammal      Summ           #...         41%         1    ##.....
 Call Imp                 Summ           #.......     56%         2    ###....
 Call Canine Familiar     Summ           #.......     80%         3    ####...
 Summon Guardian Golem    Hex/Summ       #.......     80%         3    ####...
 Summon Ice Beast         Ice/Summ       #.......     99%         4    #####..
 Summon Lightning Spire   Summ/Air       #.......     99%         4    #####..


Dungeon Overview and Level Annotations

Branches:
Dungeon (6/15)
 Temple: D:4-7

Altars:


Innate Abilities, Weirdness & Mutations

You are small and have problems with some larger weapons.
You are somewhat resistant to further mutation.


Message History

You shoot a stone. The stone hits the orc warrior.
The orc warrior misses you.
Firing (i - inventory. (/) - cycle)
h - 75 stones (quivered)
Aim: an orc warrior, wielding a +0 trident and wearing a cursed -1 plate armour (heavily wounded)
You shoot a stone.
The stone closely misses the orc warrior.
Firing (i - inventory. (/) - cycle)
h - 74 stones (quivered)
Aim: an orc warrior, wielding a +0 trident and wearing a cursed -1 plate armour (heavily wounded)
You shoot a stone. The stone hits the orc warrior.
The orc warrior barely misses you.
Firing (i - inventory. (/) - cycle)
h - 73 stones (quivered)
Aim: an orc warrior, wielding a +0 trident and wearing a cursed -1 plate armour (heavily wounded)
You shoot a stone.
The stone hits the orc warrior but does no damage.
The orc warrior misses you.
Firing (i - inventory. (/) - cycle)
h - 72 stones (quivered)
Aim: an orc warrior, wielding a +0 trident and wearing a cursed -1 plate armour (heavily wounded)
You shoot a stone. The stone hits the orc warrior.
Firing (i - inventory. (/) - cycle)
h - 71 stones (quivered)
Aim: an orc warrior, wielding a +0 trident and wearing a cursed -1 plate armour (severely wounded)
You shoot a stone.
The stone hits the orc warrior but does no damage.
The orc warrior hits you from afar with a +0 trident!
Firing (i - inventory. (/) - cycle)
h - 70 stones (quivered)
Aim: an orc warrior, wielding a +0 trident and wearing a cursed -1 plate armour (severely wounded)
You shoot a stone. The stone hits the orc warrior.
Firing (i - inventory. (/) - cycle)
h - 69 stones (quivered)
Aim: an orc warrior, wielding a +0 trident and wearing a cursed -1 plate armour (almost dead)
You shoot a stone. The stone hits the orc warrior.
The orc warrior hits you from afar with a +0 trident!
* * * LOW HITPOINT WARNING * * *
You are too injured to fight recklessly!
You are too injured to fight recklessly!
Quiver which item? (- for none, * to show all) (? for menu, Esc to quit)
Quivering
d - 44 sling bullets for slings.
Firing (i - inventory. (/) - cycle)
d - 44 sling bullets (quivered)
Aim: an orc warrior, wielding a +0 trident and wearing a cursed -1 plate armour (almost dead)
You shoot a sling bullet.
The sling bullet barely misses the orc warrior.
Firing (i - inventory. (/) - cycle)
d - 43 sling bullets (quivered)
Aim: an orc warrior, wielding a +0 trident and wearing a cursed -1 plate armour (almost dead)
You shoot a sling bullet. The sling bullet hits the orc warrior.
The orc warrior hits you but does no damage.
Firing (i - inventory. (/) - cycle)
d - 42 sling bullets (quivered)
Aim: an orc warrior, wielding a +0 trident and wearing a cursed -1 plate armour (almost dead)
You shoot a sling bullet.
The sling bullet completely misses the orc warrior.
The orc warrior hits you from afar with a +0 trident!
* * * LOW HITPOINT WARNING * * *
The orc warrior hits you from afar with a +0 trident!
You die...

#######
#.<...#
#.....#
#.....#
##.@..##
##....(#
#.....o#
#.≈≈≈..o.....
#.≈#≈≈≈≈(....
#..≈≈≈≈#≈≈≈≈(#
#.≈≈≈#≈≈≈≈#≈.#
#.≈#≈≈≈≈#≈≈≈(.
..≈≈≈≈#≈≈≈≈.()


You could see an orc warrior and an orc.

Vanquished Creatures
  A hippogriff (D:5)
  A phantom (D:6)
  A centaur (D:6)
  A scorpion (D:5)
  An electric eel (D:6)
  A bullfrog skeleton (D:4)
  5 orc wizards
  An orc priest (D:3)
  3 hounds
  Terence (D:2)
  4 worker ants
  2 hound skeletons (D:4)
  7 gnolls
  12 adders
  3 oozes
  2 adder skeletons
  3 worms
  3 dart slugs (D:1)
  4 leopard geckos
  33 orcs
  2 ball pythons (D:3)
  5 bats
  4 giant cockroaches
  3 goblins
  12 hobgoblins
  7 jackals (D:1)
  6 kobolds
  3 quokkas
  4 frilled lizards
  7 rats
142 creatures vanquished.

Notes
Turn   | Place    | Note
-------+----------+-------------------------------------------
     0 | D:1      | Norn the Halfling Hunter began the quest for the Orb.
     0 | D:1      | Reached XP level 1. HP: 14/14 MP: 1/1
    29 | D:1      | Reached skill level 6 in Slings
    29 | D:1      | Reached XP level 2. HP: 19/19 MP: 2/2
    78 | D:1      | Reached XP level 3. HP: 18/24 MP: 3/3
   532 | D:1      | Reached XP level 4. HP: 30/30 MP: 4/4
   932 | D:2      | Reached skill level 7 in Slings
  1069 | D:2      | Reached XP level 5. HP: 35/35 MP: 5/5
  1128 | D:2      | Noticed Terence
  1142 | D:2      | Killed Terence
  1466 | D:2      | Reached skill level 8 in Slings
  1876 | D:3      | Reached XP level 6. HP: 41/41 MP: 6/6
  3082 | D:4      | Reached skill level 9 in Slings
  3088 | D:4      | Reached XP level 7. HP: 46/46 MP: 7/7
  3837 | D:5      | Entered Level 5 of the Dungeon
  4266 | D:5      | Reached skill level 10 in Slings
  4360 | D:5      | Reached XP level 8. HP: 48/54 MP: 8/8
  4379 | D:5      | Reached skill level 5 in Dodging
  4478 | D:5      | Noticed a hippogriff
  4494 | D:5      | Killed a hippogriff
  5115 | D:6      | Reached skill level 11 in Slings
  5167 | D:6      | Slain by an orc warrior

Skill      XL: |  1  2  3  4  5  6  7  8 |
---------------+-------------------------+-----
Slings         | 6 7 8 9 10 11 | 11.4
Fighting       | 2 3 4 |  4.7
Dodging        | 3 4 5 |  5.8
Stealth        | |  1.1

Action                   |  1- 3 |  4- 6 |  7- 9 || total
-------------------------+-------+-------+-------++-------
Melee: Short sword       |    18 |     1 |       ||    19
       Hunting sling     |       |     1 |       ||     1
       Whip              |       |       |    13 ||    13
 Fire: Hunting sling     |    63 |   311 |   266 ||   640
  Use: Scroll            |       |     1 |       ||     1
  Eat: Chunk             |       |     6 |     5 ||    11
Armor: Leather armour    |     7 |     1 |    20 ||    28
       Scale mail        |     1 |    32 |       ||    33
Dodge: Dodged            |    23 |    53 |    89 ||   165
